 Dungeon Crawl Stone Soup version 0.28-a0-556-gab23d0e057 (webtiles) character file.

Game seed: 17875275480157472973

1035 lunkers the Magician (level 8, -4/61 HPs)
             Began as a Djinni Cinder Acolyte on Sept 28, 2021.
             Was a High Priest of Ignis.
             Slain by a phantom (8 damage)
             ... on level 6 of the Dungeon.
             The game lasted 00:10:38 (8878 turns).

lunkers the Magician (Djinni Cinder Acolyte)        Turns: 8878, Time: 00:10:39

Health: -4/61      AC:  2    Str: 19    XL:     8   Next: 48%
Gold:   249        EV: 11    Int: 18    God:    Ignis [*****.] SH:  0 Dex:  9

rFire   + + +      SeeInvis .   n - +3 dagger
rCold   x . .      Faith    .   (no shield)
rNeg    . . .      Spirit   .   b - +0 robe
rPois   ∞          Reflect  .   (no helmet)
rElec   .          Harm     .   (no cloak)
rCorr   .          Rampage  .   (no gloves)
Will    .....                   (boots unavailable)
Stlth   +.........              (no amulet)
HPRegen 0.20/turn               q - +6 ring of strength
MPRegen 0.00/turn               (no ring)

@: flying
A: sickness immunity, fire resistance 2, cold vulnerability 1, float, innate
caster, hp casting, extra vitality 1
a: Renounce Religion, Sea of Fire, Foxfire Swarm, Rising Flame


You were on level 6 of the Dungeon.
You worshipped Ignis.
Ignis was extremely pleased with you.
You visited 1 branch of the dungeon, and saw 6 of its levels.

You collected 249 gold pieces.

Inventory:

Hand Weapons
 a - a -1 falchion of flaming
 c - a +0 whip of venom
 l - a +2 dagger of draining
 n - a +3 dagger (weapon)
 o - a +1 dagger of venom
Armour
 b - a +0 robe (worn)
Jewellery
 q - a +6 ring of strength (left hand)
Scrolls
 d - a scroll of teleportation {unknown}
 f - a scroll of torment {unknown}
 g - a scroll of immolation {unknown}
 h - a scroll of noise {unknown}
 i - a scroll of vulnerability {unknown}
 j - a scroll of enchant armour {unknown}
 p - a scroll of amnesia {unknown}
 r - a scroll of identify
Potions
 e - a potion of brilliance
 k - a potion of attraction
 m - 2 potions of curing


   Skills:
 + Level 6.1 Fighting
 - Level 2.6 Long Blades
 * Level 6.3 Spellcasting


You had 12 spell levels left.
You knew the following spells:

 Your Spells              Type           Power      Damage    Failure   Level
a - Poisonous Vapours     Pois/Air       56%        N/A       1%          2
b - Apportation           Tloc           56%        N/A       1%          1
c - Slow                  Hex            28%        N/A       1%          2
p - Scorch                Fire           56%        2d7       1%          2
Your spell library was empty.

Dungeon Overview and Level Annotations

Branches:
Dungeon (6/15)
 Temple: D:4-7

Altars:
Cheibriados
Dithmenos
Elyvilon
Kikubaaqudgha
Ru
Trog
The Shining One


Innate Abilities, Weirdness & Mutations

You are immune to sickness and miasma.
You are immune to poison.
Your flesh is very heat resistant. (rF++)
You are vulnerable to cold. (rC-)
You float through the air rather than walking.
You learn spells naturally, not from books.
Your magical power is your life essence.
You have superior vitality. (+4 HP)


Message History

The phantom is severely damaged.
The phantom hits you!
* * * LOW HITPOINT WARNING * * *
You hit the phantom but do no damage.
The phantom is severely damaged.
The phantom closely misses you.
You miss the phantom.
The phantom is severely damaged.
The phantom hits you.
* * * LOW HITPOINT WARNING * * *
The phantom blinks!
You blink.
The phantom hits you.
* * * LOW HITPOINT WARNING * * *
The phantom blinks!
You blink.
You hit the phantom but do no damage.
The phantom is severely damaged.
The phantom hits you.
* * * LOW HITPOINT WARNING * * *
The phantom blinks!
You blink.
You hit the phantom but do no damage.
The phantom is severely damaged.
The phantom hits you.
* * * LOW HITPOINT WARNING * * *
The phantom blinks!
You blink.
You hit the phantom but do no damage.
The phantom is severely damaged.
The phantom hits you.
* * * LOW HITPOINT WARNING * * *
The phantom blinks!
You blink.
You closely miss the phantom.
The phantom is severely damaged.
The phantom barely misses you.
You hit the phantom but do no damage.
The phantom is severely damaged.
The phantom hits you!
* * * LOW HITPOINT WARNING * * *
You closely miss the phantom.
The phantom is severely damaged.
The phantom hits you!
You die...

#...#.#
#.#...#
##.#..#
#.#.#.#
##.#..#
#####.#
##<# #.#
##..###.#
##.§.##@.#
##......W##
#.......##
##.....##
##...##
##.## #.#
#.. ###


You could see a phantom.

Vanquished Creatures
  A water moccasin (D:5)
  A centaur (D:4)
  A lemure (D:5)
  4 scorpions
  2 hounds
  3 orc priests (D:4)
  A centaur zombie (D:3)
  A bullfrog skeleton (D:5)
  An iguana (D:5)
  Terence (D:1)
  4 orc wizards
  7 gnolls
  8 adders
  3 dart slugs
  22 orcs
  4 ball pythons
  5 endoplasms
  7 giant cockroaches
  10 goblins
  10 hobgoblins
  2 jackals (D:4)
  4 quokkas
  5 bats
  3 frilled lizards
  A jackal skeleton (D:4)
  5 kobolds
  4 rats
120 creatures vanquished.

Notes
Turn   | Place    | Note
-------+----------+-------------------------------------------
     0 | D:1      | lunkers the Djinni Cinder Acolyte began the quest for the
                  | Orb.
     0 | D:1      | Reached XP level 1. HP: 20/20 MP: 0/0
    51 | D:1      | Noticed a hound
    51 | D:1      | Noticed a komodo dragon
    52 | D:1      | Noticed a black mamba
    52 | D:1      | Noticed a wyvern
   266 | D:1      | Reached XP level 2. HP: 5/25 MP: 0/0
  1324 | D:1      | Reached XP level 3. HP: 28/30 MP: 0/0
  1324 | D:1      | Learned a level 1 spell: Apportation
  2149 | D:2      | Reached XP level 4. HP: 31/35 MP: 0/0
  2382 | D:2      | Found a faded altar of an unknown god.
  2700 | D:2      | Noticed Terence
  2712 | D:1      | Killed Terence
  2713 | D:1      | Reached XP level 5. HP: 14/41 MP: 0/0
  2713 | D:1      | Learned a level 2 spell: Poisonous Vapours
  4270 | D:3      | Found a bloodstained altar of Trog.
  4664 | D:3      | Reached XP level 6. HP: 35/47 MP: 0/0
  4766 | D:3      | Found a snail-covered altar of Cheibriados.
  5870 | D:4      | Reached XP level 7. HP: 50/53 MP: 0/0
  5870 | D:4      | Learned a level 2 spell: Slow
  6016 | D:4      | Reached skill level 5 in Fighting
  6016 | D:4      | Reached skill level 5 in Spellcasting
  6396 | D:4      | Identified the +0 pair of boots of the Lion {Dex+2}
  7165 | D:5      | Entered Level 5 of the Dungeon
  7352 | D:5      | Found a white marble altar of Elyvilon.
  7353 | D:5      | Found a glowing golden altar of the Shining One.
  7353 | D:5      | Found a sacrificial altar of Ru.
  7375 | D:5      | Reached XP level 8. HP: 55/60 MP: 0/0
  7806 | D:5      | Found a shadowy altar of Dithmenos.
  8877 | D:6      | HP: 3/61 [phantom (9)]
  8878 | D:6      | Slain by a phantom

Illustrated notes

Levels and vault maps discovered:
D:1:      onia_arrival_zoo_common, layout_loops_ring
D:2:      kennysheep_the_goblin_king, layout_rooms,
          hellmonk_ecumenical_altar_lost_god, nrook_mini_backslash,
          chequers_decorated_corner, uniq_terence
D:3:      layout_basic, mainiacjoe_overflow_surrounded_room,
          mainiacjoe_overflow_paths
D:4:      layout_basic
D:5:      layout_rooms, mainiacjoe_overflow_concentric_impassable,
          nicolae_overflow_quartered_altars
D:6:      layout_loops_ring, minmay_misc_feat_rugged, uniq_crazy_yiuf_cottage,
          uniq_pikel

Skill      XL: |  1  2  3  4  5  6  7  8 |
---------------+-------------------------+-----
Spellcasting   | 3 4 5 6 |  6.3
Fighting       | 4 5 6 |  6.1
Long Blades    | |  2.6

Action                   |  1- 3 |  4- 6 |  7- 9 || total
-------------------------+-------+-------+-------++-------
Melee: Falchion          |    24 |       |       ||    24
       Dagger            |       |       |    31 ||    31
 Cast: Scorch            |    37 |    69 |    58 ||   164
       Poisonous Vapours |       |    62 |    56 ||   118
  Use: Scroll            |       |       |     3 ||     3
       Potion            |       |       |     2 ||     2
Armor: Robe              |    11 |     9 |    15 ||    35
Dodge: Dodged            |    22 |    37 |    39 ||    98

Table legend: (Time is in decaauts)
 A = Elapsed time spent in this place.
 B = Non-inter-level travel time spent in this place.
 C = Inter-level travel time spent in this place.
 D = Time resting spent in this place.
 E = Time spent auto-exploring this place.
 F = Levels seen in this place.
 G = Mean time per level.
                   A        B        C        D        E       F      G
               +--------+--------+--------+--------+--------+-----+--------+
         Total |   8885 |   8763 |    122 |   2032 |   5784 |   6 | 1480.8 |
       Dungeon |   8885 |   8763 |    122 |   2032 |   5784 |   6 | 1480.8 |
               +--------+--------+--------+--------+--------+-----+--------+

Top non-repeatable levels by time:
     D:1: 2387 daAuts
     D:4: 2028 daAuts
     D:2: 1614 daAuts
     D:3: 1482 daAuts
     D:5: 1283 daAuts
     D:6: 89 daAuts
